 Dungeon Crawl Stone Soup version 0.28-a0-440-ge3cd3e9c68 (webtiles) character file.

Game seed: 6180163716675503369

665 gruber the Magician (level 7, -9/45 HPs)
             Began as a Djinni Fire Elementalist on Sept 11, 2021.
             Mangled by a yak (12 damage)
             ... on level 5 of the Dungeon.
             The game lasted 00:04:20 (7874 turns).

gruber the Magician (Djinni Fire Elementalist)      Turns: 7874, Time: 00:04:21

Health: -9/45      AC:  2    Str:  7    XL:     7   Next: 87%
Gold:   217        EV: 12    Int: 19    God:
                   SH:  0    Dex: 13

rFire   + + .      SeeInvis .   s - +0 morningstar
rCold   x . .      Faith    .   (no shield)
rNeg    . . .      Spirit   .   a - +0 robe
rPois   ∞          Reflect  .   (no helmet)
rElec   .          Harm     .   (no cloak)
rCorr   .          Rampage  .   (no gloves)
Will    .....                   (boots unavailable)
Stlth   ++........              (no amulet)
HPRegen 0.15/turn               (no ring)
MPRegen 0.00/turn               (no ring)

@: flying
A: sickness immunity, fire resistance 2, cold vulnerability 1, float, innate
caster, hp casting, extra vitality 1
a: no special abilities


You were on level 5 of the Dungeon.
You visited 1 branch of the dungeon, and saw 5 of its levels.

You collected 217 gold pieces.

Inventory:

Hand Weapons
 s - a +0 morningstar (weapon)
Missiles
 r - a throwing net
Armour
 a - a +0 robe (worn)
Jewellery
 d - a ring of see invisible
 n - a +6 ring of intelligence
Wands
 o - a wand of polymorph (7)
Scrolls
 c - a scroll of teleportation {unknown}
 f - a scroll of identify {unknown}
 g - a scroll of fog {unknown}
 k - a scroll of magic mapping {unknown}
 m - a scroll of vulnerability {unknown}
 q - a scroll of immolation {unknown}
 t - a scroll of fear {unknown}
 v - a scroll of summoning {unknown}
Potions
 b - 3 potions of heal wounds {unknown}
 e - a potion of berserk rage {unknown}
 h - a potion of attraction {unknown}
 i - a potion of lignification {unknown}
 j - a potion of cancellation {unknown}
 l - a potion of might {unknown}
 p - a potion of flight {unknown}
 u - a potion of resistance


   Skills:
 - Level 2.1 Dodging
 - Level 1.5 Stealth
 + Level 6.6 Spellcasting


You couldn't memorise any spells.
You knew the following spells:

 Your Spells              Type           Power      Damage    Failure   Level
a - Foxfire               Conj/Fire      100%       2x1d9     1%          1
b - Scorch                Fire           62%        2d8       1%          2
c - Conjure Flame         Conj/Fire      31%        6-21      1%          3
d - Inner Flame           Hex/Fire       31%        N/A       1%          3
e - Flame Wave            Conj/Fire      31%        3d7       7%          4
f - Freeze                Ice            100%       1d11      1%          1
g - Blink                 Tloc           N/A        N/A       1%          2
h - Confusing Touch       Hex            31%        N/A       1%          3
Your spell library was empty.

Dungeon Overview and Level Annotations

Branches:
Dungeon (5/15)
 Temple: D:4-7

Altars:
Dithmenos
Nemelex Xobeh
Zin
The Shining One

Shops:
D:4 !

Annotations:
D:4 1 runed translucent door, Borgoz's ghost, novice GrAK
D:5 Sigmund


Innate Abilities, Weirdness & Mutations

You are immune to sickness and miasma.
You are immune to poison.
Your flesh is very heat resistant. (rF++)
You are vulnerable to cold. (rC-)
You float through the air rather than walking.
You learn spells naturally, not from books.
Your magical power is your life essence.
You have superior vitality. (+4 HP)


Message History

The yak is almost dead.
The flame wave engulfs Sigmund!
Sigmund is heavily wounded.
The yak gores you! Sigmund barely misses you.
Unknown command.
Unknown command.
Unknown command.
Unknown command.
A wave of flame ripples out!
The flame wave engulfs the yak.
The yak is almost dead.
The flame wave engulfs Sigmund!
Sigmund is almost dead.
The flame wave engulfs the yak!
The yak is moderately wounded.
You finish channelling waves of flame.
The yak gores you!
* * * LOW HITPOINT WARNING * * *
Sigmund closely misses you.
Unknown command.
Unknown command.
Unknown command.
Unknown command.
Okay, then.
The yak gores you.
* * * LOW HITPOINT WARNING * * *
The yak gores you but does no damage.
Sigmund says, "Look into my eyes."
Sigmund mumbles some strange words.
Sigmund flickers and vanishes!
Deactivating autopickup; reactivate with Ctrl-A.
Found 13 gold pieces and a scroll labelled PEZUL JIN.
A puff of flame appears from out of thin air!
The puff of flame hits you. You resist.
* * * LOW HITPOINT WARNING * * *
Things that are here:
a +0 shortbow; 17 arrows; a centaur skeleton You hear some strange, mumbled words.
Something tries to affect you, but you resist.
There is a stone staircase leading up here.
The yak gores you!
You die...

#............#
#............#
#........÷...#
###............#########
........###'#...........
#.....(.'...'....>......
#.......#...#..Y........
........#...#.<.Y.......
........###.#...@.......
..........#.##########+#
..........#......#
..........#......#
#.........#......#
#.........#......#
..........#......#
..........########
########.......#


You could see 2 yaks.

Vanquished Creatures
  A yak (D:5)
  A centaur (D:5)
  2 hounds (D:4)
  A centaur zombie (D:5)
  A jelly (D:5)
  An orc priest (D:4)
  An iguana (D:5)
  An orc wizard (D:4)
  A hound skeleton (D:4)
  5 gnolls
  3 river rats (D:4)
  5 adders
  4 worms
  3 dart slugs
  8 orcs
  8 endoplasms
  6 giant cockroaches
  4 goblins
  10 hobgoblins
  3 jackals (D:5)
  4 quokkas
  8 ball pythons
  A bat (D:3)
  2 frilled lizards
  5 kobolds
  8 rats
97 creatures vanquished.

Vanquished Creatures (others)
  644 foxfires
644 creatures vanquished.

Grand Total: 741 creatures vanquished

Notes
Turn   | Place    | Note
-------+----------+-------------------------------------------
     0 | D:1      | gruber the Djinni Fire Elementalist began the quest for the
                  | Orb.
     0 | D:1      | Reached XP level 1. HP: 15/15 MP: 0/0
   323 | D:1      | Reached XP level 2. HP: 18/21 MP: 0/0
   610 | D:1      | Reached skill level 3 in Spellcasting
   837 | D:1      | Reached XP level 3. HP: 17/25 MP: 0/0
   837 | D:1      | Learned a level 1 spell: Freeze
  2671 | D:2      | Reached XP level 4. HP: 9/31 MP: 0/0
  3157 | D:2      | Reached skill level 4 in Spellcasting
  3964 | D:3      | Reached XP level 5. HP: 30/35 MP: 0/0
  3964 | D:3      | Learned a level 2 spell: Blink
  5470 | D:4      | Found a sparkling altar of Nemelex Xobeh.
  5908 | D:4      | Reached XP level 6. HP: 36/40 MP: 0/0
  5936 | D:4      | Reached skill level 5 in Spellcasting
  5955 | D:4      | Found a shadowy altar of Dithmenos.
  5957 | D:4      | Found a glowing silver altar of Zin.
  6417 | D:4      | Found Unigevu's Distillery.
  6816 | D:4      | Found a runed translucent door.
  7264 | D:4      | Found a glowing golden altar of the Shining One.
  7375 | D:4      | Noticed Borgoz's ghost (novice GrAK)
  7410 | D:5      | Entered Level 5 of the Dungeon
  7415 | D:5      | Reached XP level 7. HP: 41/45 MP: 0/0
  7415 | D:5      | Learned a level 3 spell: Confusing Touch
  7519 | D:5      | HP: 1/45 [centaur (4)]
  7521 | D:5      | Reached skill level 6 in Spellcasting
  7842 | D:5      | Noticed a yak
  7843 | D:5      | Noticed a yak
  7844 | D:5      | Noticed Sigmund
  7847 | D:5      | Noticed a yak
  7850 | D:5      | Killed a yak
  7853 | D:5      | HP: 2/45 [yak (1)]
  7870 | D:5      | HP: 2/45 [something/puff of flame (3)]
  7874 | D:5      | Mangled by a yak

Illustrated notes

Levels and vault maps discovered:
D:1:      dpeg_arrival_shrine, layout_basic, serial_glass, glass_columns_c,
          glass_columns_b, st_stairs_12, minmay_tripent
D:2:      layout_loops_ring, minmay_pentomino_x2
D:3:      layout_basic
D:4:      layout_gridville, mainiacjoe_overflow_small_starburst,
          lemuel_doored_altar, mainiacjoe_overflow_divided_tiny,
          portal_sewer_entry_e, ebering_ghost_reflecting_pool,
          kennysheep_diamond, chequers_avenue
D:5:      layout_gridville, serial_shops, nicolae_lakefront_shop,
          grunt_decor_fettered, uniq_duvessa, uniq_sigmund

Skill      XL: |  1  2  3  4  5  6  7 |
---------------+----------------------+-----
Spellcasting   | 3 4 5 6 |  6.6
Dodging        | |  2.1
Stealth        | |  1.5

Action                   |  1- 3 |  4- 6 |  7- 9 || total
-------------------------+-------+-------+-------++-------
Melee: Unarmed           |     1 |       |       ||     1
       Morningstar       |       |    10 |     1 ||    11
 Cast: Foxfire           |   141 |   225 |    33 ||   399
       Flame Wave        |       |     1 |     1 ||     2
 Stab: Sleeping          |       |     1 |       ||     1
Armor: Robe              |       |     2 |     1 ||     3
Dodge: Dodged            |     4 |    25 |     8 ||    37

Table legend: (Time is in decaauts)
 A = Elapsed time spent in this place.
 B = Non-inter-level travel time spent in this place.
 C = Inter-level travel time spent in this place.
 D = Time resting spent in this place.
 E = Time spent auto-exploring this place.
 F = Levels seen in this place.
 G = Mean time per level.
                   A        B        C        D        E       F      G
               +--------+--------+--------+--------+--------+-----+--------+
         Total |   7877 |   7689 |    188 |      0 |   6946 |   5 | 1575.4 |
       Dungeon |   7877 |   7689 |    188 |      0 |   6946 |   5 | 1575.4 |
               +--------+--------+--------+--------+--------+-----+--------+

Top non-repeatable levels by time:
     D:1: 2280 daAuts
     D:4: 1969 daAuts
     D:3: 1606 daAuts
     D:2: 1557 daAuts
     D:5: 464 daAuts
